 Dungeon Crawl Stone Soup version 0.28.0-53-g5a82cb258f (webtiles) character file.

Game seed: 2498655152576601562

65 issech the Chopper (level 3, -2/33 HPs)
             Began as a Minotaur Monk on May 28, 2022.
             Slain by a hobgoblin (6 damage)
             ... led by Robin
             ... on level 3 of the Dungeon.
             The game lasted 00:05:17 (3174 turns).

issech the Chopper (Minotaur Monk)                  Turns: 3174, Time: 00:05:17

Health: -2/33      AC: 11    Str: 15    XL:     3   Next: 94%
Magic:  2/2        EV:  5    Int:  7    God:
Gold:   100        SH:  0    Dex: 14    Spells: 2/2 levels left

rFire   . . .      SeeInvis .   a - +0 hand axe
rCold   . . .      Faith    .   (no shield)
rNeg    . . .      Spirit   .   F - +0 plate armour
rPois   .          Reflect  .   (helmet restricted)
rElec   .          Harm     .   s - +0 cloak
rCorr   .          Rampage  .   (no gloves)
Will    .....                   (no boots)
Stlth   ..........              (no amulet)
HPRegen 0.11/turn               (no ring)
MPRegen 0.08/turn               (no ring)

@: no status effects
A: horns 2, retaliatory headbutt
a: no special abilities


You were on level 3 of the Dungeon.
You visited 1 branch of the dungeon, and saw 3 of its levels.

You collected 100 gold pieces.

Inventory:

Hand Weapons
 a - a +0 hand axe (weapon)
 d - a +0 club
 f - a +0 quarterstaff
 g - a +0 whip
 i - a +0 dagger
 j - a +0 club
 k - a +0 club
 o - a +0 spear
 q - a +0 short sword
 w - a +0 spear
 y - a +0 mace
 z - a +1 dagger of electrocution
 B - a +0 hand axe
 E - a +0 dagger
 G - a +0 hunting sling
 H - a +0 hunting sling
 I - a +0 dagger
 J - a +0 club
 K - a +0 hunting sling
Missiles
 n - 4 atropa-tipped darts (quivered)
 t - a throwing net
 u - 22 bolts
 x - 112 stones
Armour
 b - a +0 robe
 s - a +0 cloak (worn)
 v - a +0 ring mail
 C - a +0 leather armour
 F - a +0 plate armour (worn)
Scrolls
 c - a scroll of immolation {unknown}
 e - a scroll of fear {unknown}
 h - 2 scrolls of identify {unknown}
 l - 3 scrolls of amnesia {unknown}
 p - a scroll of enchant weapon {unknown}
 A - a scroll of summoning {unknown}
Potions
 m - a potion of ambrosia {unknown}
 r - a potion of brilliance {unknown}
 D - a potion of resistance {unknown}


   Skills:
 + Level 4.2 Fighting
 + Level 4.6 Axes
 + Level 0.5 Armour
 + Level 3.8 Dodging
 + Level 1.9 Stealth


You had 2 spell levels left.
You didn't know any spells.
Your spell library contained the following spells:

 Spells                   Type           Power      Damage    Failure   Level
 Beastly Appendage        Tmut           0%         N/A       100%        1
 Wereblood                Tmut           0%         N/A       100%        2
 Inner Flame              Hex/Fire       0%         N/A       100%        3
 Spider Form              Tmut/Pois      0%         N/A       100%        3
 Cause Fear               Hex            0%         N/A       100%        4
 Discord                  Hex            0%         N/A       100%        8


Dungeon Overview and Level Annotations

Branches:
Dungeon (3/15)

Altars:
Elyvilon

Annotations:
D:3 Robin


Innate Abilities, Weirdness & Mutations

You have a pair of horns on your head.
You reflexively headbutt those who attack you in melee.


Message History

You kill the goblin!
The goblin no longer looks unusually strong.
The goblin hits you but does no damage.
Robin roars a battlecry!
The goblin goes into a battle-frenzy!
The goblin hits you but does no damage.
You hit the goblin.
You kill the goblin!
You closely miss the goblin. The goblin hits you with a +0 dagger.
You barely miss Robin. You headbutt Robin, but do no damage.
You barely miss the goblin.
The hobgoblin no longer looks unusually strong.
Robin hits you with a +1 whip of freezing.
Robin freezes you. The goblin hits you but does no damage.
You slash Robin! You headbutt Robin, but do no damage.
Robin is heavily wounded.
You miss the goblin.
Robin roars a battlecry!
The hobgoblin goes into a battle-frenzy!
The goblin hits you but does no damage.
You barely miss Robin.
Robin is heavily wounded.
You hit the hobgoblin but do no damage. You miss the goblin.
The hobgoblin barely misses you. You furiously retaliate!
You headbutt the hobgoblin. Robin throws the goblin at you!
The goblin hits you but does no damage. The hobgoblin hits you.
* * * LOW HITPOINT WARNING * * *
You hit Robin but do no damage.
Robin is heavily wounded.
You closely miss the goblin. You closely miss the hobgoblin.
Robin hits you but does no damage. The goblin hits you with a +0 dagger.
* * * LOW HITPOINT WARNING * * *
The hobgoblin hits you but does no damage.
Robin hits you but does no damage.
You hit Robin but do no damage.
Robin is heavily wounded.
You hit the goblin.
You kill the goblin!
You barely miss the hobgoblin. The hobgoblin hits you.
You die...

############ ##
#...'g...... ≈≈
#..))....... ≈≈
#...#....... ####≈≈
#...##########...≈≈
#.........†..#...≈≈
#gg.......††.#...≈≈
##@##.....##†##..≈≈
#)..#.....#...#..≈≈
#...#.....#...#..≈≈
#...#.....#...#..≈≈
##'##.....##'##..≈≈
#.†.#.....#......≈≈
#...#.....#.....≈≈≈
#≈≈≈#.....#≈≈≈≈≈≈≈#
#≈≈≈##'''##≈≈≈≈≈≈##


You could see Robin and a hobgoblin (strong).

Vanquished Creatures
  A worm (D:2)
  2 orcs (D:3)
  2 ball pythons (D:1)
  5 endoplasms
  A giant cockroach (D:3)
  15 goblins
  5 hobgoblins
  3 jackals (D:3)
  5 quokkas
  4 bats
  2 frilled lizards
  3 kobolds
  4 rats
52 creatures vanquished.

Vanquished Creatures (others)
  2 fungi (D:1)
  A plant (D:1)
3 creatures vanquished.

Grand Total: 55 creatures vanquished

Notes
Turn   | Place    | Note
-------+----------+-------------------------------------------
     0 | D:1      | issech the Minotaur Monk began the quest for the Orb.
     0 | D:1      | Reached XP level 1. HP: 19/19 MP: 0/0
   299 | D:1      | Found a faded altar of an unknown god.
   972 | D:1      | Reached XP level 2. HP: 26/27 MP: 1/1
  1823 | D:2      | Reached XP level 3. HP: 31/33 MP: 2/2
  2771 | D:3      | Found a white marble altar of Elyvilon.
  3151 | D:3      | Noticed Robin
  3174 | D:3      | Slain by a hobgoblin

Illustrated notes

Levels and vault maps discovered:
D:1:      dpeg_cavernosity, layout_loops_ring, dreamdust_ecumenical_altar_grove,
          roderic_lattice_a, hex_tiny, minmay_fountain_box
D:2:      layout_basic, kennysheep_generic_room_8
D:3:      kennysheep_goblin_castle, layout_basic, nicolae_overflow_hidden_temple

Skill      XL: |  1  2 |
---------------+-------+-----
Fighting       | 4 |  4.2
Axes           | 4 |  4.6
Armour         | |  0.5
Dodging        | |  3.8
Stealth        | |  1.9

Action                   || total
-------------------------++-------
Melee: Hand axe          ||   104
       Punch             ||     2
       Headbutt          ||    14
 Stab: Sleeping          ||     3
Armor: Robe              ||     7
       Plate armour      ||    37
       Ring mail         ||     8
Dodge: Dodged            ||    68
